 Dungeon Crawl Stone Soup version 0.28.0-43-g3370ac3207 (webtiles) character file.

Game seed: 10695962812802454242

63 Peloso the Shield-Bearer (level 3, -3/33 HPs)
             Began as a Minotaur Fighter on Mar 28, 2022.
             Slain by Crazy Yiuf
             ... wielding a +3 quarterstaff of chaos
              (12 damage)
             ... on level 2 of the Dungeon.
             The game lasted 00:01:44 (1753 turns).

Peloso the Shield-Bearer (Minotaur Fighter)         Turns: 1753, Time: 00:01:45

Health: -3/33      AC:  8    Str: 20    XL:     3   Next: 87%
Magic:  2/2        EV:  9    Int:  5    God:
Gold:   44         SH:  4    Dex: 11    Spells: 2/2 levels left

rFire   . . .      SeeInvis .   a - +0 long sword
rCold   . . .      Faith    .   c - +0 buckler
rNeg    . . .      Spirit   .   b - +0 scale mail
rPois   .          Reflect  .   (helmet restricted)
rElec   .          Harm     .   f - +0 cloak
rCorr   .          Rampage  .   (no gloves)
Will    .....                   (no boots)
Stlth   ..........              (no amulet)
HPRegen 0.11/turn               (no ring)
MPRegen 0.08/turn               (no ring)

@: lethally poisoned (-3 -> -11)
A: horns 2, retaliatory headbutt
a: no special abilities


You were on level 2 of the Dungeon.
You visited 1 branch of the dungeon, and saw 2 of its levels.

You collected 44 gold pieces.

Inventory:

Hand Weapons
 a - a +0 long sword (weapon)
Armour
 b - a +0 scale mail (worn)
 c - a +0 buckler (worn)
 f - a +0 cloak (worn)
Scrolls
 e - a scroll of brand weapon {unknown}
 g - a scroll of holy word {unknown}
 h - a scroll of identify {unknown}
 i - a scroll of torment {unknown}
Potions
 d - a potion of might
 j - a potion of lignification {unknown}


   Skills:
 + Level 4.1 Fighting
 + Level 3.2 Long Blades
 + Level 4.2 Armour
 + Level 0.6 Dodging
 + Level 4.3 Shields


You had 2 spell levels left.
You didn't know any spells.
Your spell library was empty.

Dungeon Overview and Level Annotations

Branches:
Dungeon (2/15)

Altars:
Kikubaaqudgha

Annotations:
D:2 Crazy Yiuf


Innate Abilities, Weirdness & Mutations

You have a pair of horns on your head.
You reflexively headbutt those who attack you in melee.


Message History

You see here a scarf of repulsion.
Found a mace.
Found a runed translucent door.
Crazy Yiuf shouts!
Found an escape hatch in the floor.
There is an escape hatch in the floor here.
There is an escape hatch in the floor here.
There is a stone staircase leading down here.
A dart slug comes into view.
The dart slug launches a dart at you. The slug dart misses you.
The dart slug bites you.
You slash the dart slug!
The dart slug is severely wounded.
The dart slug briefly extends its eye-stalks.
The dart slug launches a dart at you.
The slug dart hits you but does no damage.
You barely miss the dart slug. You headbutt the dart slug.
You kill the dart slug!
Key pressed, stopping explore.
Crazy Yiuf shouts!
Crazy Yiuf says, "Island King ragdoll!"
Could not explore, unopened runed door.
Could not explore, unopened runed door.
Could not explore, unopened runed door.
You open the door. You hit Crazy Yiuf. You headbutt Crazy Yiuf!
Crazy Yiuf is heavily wounded.
Crazy Yiuf hits you with a +3 quarterstaff of chaos!
You are poisoned.
You closely miss Crazy Yiuf.
Crazy Yiuf is heavily wounded.
You feel very sick. Crazy Yiuf closely misses you.
Crazy Yiuf hits you with a +3 quarterstaff of chaos!
You hit Crazy Yiuf but do no damage.
Crazy Yiuf is heavily wounded.
* * * LOW HITPOINT WARNING * * *
You feel very sick.
Crazy Yiuf hits you with a +3 quarterstaff of chaos!
You die...

###.# #.#
#....#
#.##.#.>....
....# #.#
##..##
#.#.###.###.
###.# #.#
♣P..P♣ #..##
##.###
....#####.#
♣♣P..♣
###.###.## #
###...<...##
♣♣.♣♣
####[#.#####
# ###......#
♣♣.♣
#.........(.
# #...####
♣.♣♣
#####.######
# #...# ♣♣.♣
#.# #
######..####
♣@♣♣ #####.#
#
...........#
#g# #..[..#
#########.##
... #######
#########.#
#...#
..........#
#)..#
###########
#####


You could see Crazy Yiuf.

Vanquished Creatures
  A gnoll (D:1)
  An adder (D:2)
  A dart slug (D:2)
  5 ball pythons
  3 bats
  5 endoplasms
  3 goblins
  3 hobgoblins
  3 quokkas
  6 frilled lizards
  7 kobolds
  3 rats
41 creatures vanquished.

Notes
Turn   | Place    | Note
-------+----------+-------------------------------------------
     0 | D:1      | Peloso the Minotaur Fighter began the quest for the Orb.
     0 | D:1      | Reached XP level 1. HP: 19/19 MP: 0/0
   230 | D:1      | Reached XP level 2. HP: 27/27 MP: 1/1
   504 | D:1      | Found a faded altar of an unknown god.
   662 | D:1      | Reached XP level 3. HP: 33/33 MP: 2/2
  1311 | D:2      | Found an ancient bone altar of Kikubaaqudgha.
  1542 | D:2      | Found a runed translucent door.
  1543 | D:2      | Noticed Crazy Yiuf
  1753 | D:2      | Slain by Crazy Yiuf

Illustrated notes

Levels and vault maps discovered:
D:1:      dpeg_arrival_orchard, layout_basic,
          dreamdust_ecumenical_altar_sealed_demon
D:2:      layout_loops_ring, basic_altar, uniq_crazy_yiuf_cottage

Skill      XL: |  1  2  3 |
---------------+----------+-----
Shields        | 4 |  4.3
Fighting       | 4 |  4.1
Armour         | 4 |  4.2
Long Blades    | 3 |  3.2
Dodging        | |  0.6

Action                   || total
-------------------------++-------
Melee: Long sword        ||    77
       Headbutt          ||     8
Armor: Scale mail        ||    36
Dodge: Dodged            ||    35
Block: Buckler           ||    12
